 Dungeon Crawl Stone Soup version 0.25.1-2-g60ff931df9 (webtiles) character file.

Game seed: 16081777045594875181

674 DogServant the Ducker (level 7, -1/45 HPs)
             Began as an Octopode Skald on Oct 12, 2020.
             Slain by an orc wizard
             ... wielding a +0 dagger
              (5 damage)
             ... on level 4 of the Dungeon.
             The game lasted 00:08:51 (5447 turns).

DogServant the Ducker (Octopode Skald)              Turns: 5447, Time: 00:08:51

Health: -1/45      AC:  1    Str: 10    XL:     7   Next: 59%
Magic:  9/10       EV: 16    Int: 15    God:
Gold:   239        SH:  0    Dex: 14    Spells: 2/10 levels left

rFire    + . .     SeeInvis .   a - +0 falchion
rCold    . . .     Gourm    .   (no shield)
rNeg     . . .     Faith    .   (helmet restricted)
rPois    .         Spirit   .   f - amulet of inaccuracy (curse)
rElec    .         Reflect  .   b - ring of teleportation (curse)
rCorr    .         Harm     .   g - ring of flight
MR       .....     Rnd*Tele +   i - ring of protection from fire
Stlth    ++........             (no ring)
HPRegen  0.15/turn              (no ring)
MPRegen  0.12/turn              (no ring)
                                (no ring)
                                (no ring)

@: infused
A: almost no armour, stealthy swim, amphibious, 8 rings, constrict 8, camouflage
1, gelatinous body 1
a: Evoke Flight


You were on level 4 of the Dungeon.
You were hungry.

You visited 1 branch of the dungeon, and saw 4 of its levels.

You collected 239 gold pieces.

Inventory:

Hand Weapons
 a - a +0 falchion (weapon)
Jewellery
 b - a cursed ring of teleportation (left tentacle)
 f - a cursed amulet of inaccuracy (around mantle)
 g - a ring of flight (right tentacle)
 i - a ring of protection from fire (on tentacle)
Wands
 d - a wand of enslavement (8)
Scrolls
 h - a scroll of amnesia
 j - 2 scrolls of teleportation
 k - 4 scrolls of identify
 l - a scroll of noise
Potions
 e - a potion of curing {unknown}
 q - a potion of lignification {unknown}
 r - a potion of berserk rage {unknown}
Comestibles
 c - 3 rations


   Skills:
 + Level 2.2 Fighting
 + Level 5.2 Long Blades
 - Level 5.3 Dodging
 - Level 2.0 Spellcasting
 - Level 4.2 Charms
 - Level 2.0 Translocations
 + Level 0.9 Ice Magic


You had 2 spell levels left.
You knew the following spells:

 Your Spells              Type           Power        Failure   Level  Hunger
a - Infusion              Chrm           ##..         4%          1    #......
b - Song of Slaying       Chrm           ##......     6%          2    ###....
c - Shroud of Golubria    Chrm/Tloc      ##....       10%         2    ###....
d - Ozocubu's Armour      Chrm/Ice       #.......     24%         3    ###....

Your spell library contained the following spells:

 Spells                   Type           Power        Failure   Level  Hunger
 Spectral Weapon          Hex/Chrm       #.......     28%         3    ###....


Dungeon Overview and Level Annotations

Branches:
Dungeon (4/15)
 Temple: D:4-7

Altars:
The Shining One


Innate Abilities, Weirdness & Mutations

You cannot wear most types of armour.
You are very stealthy in the water. (Stealth+)
You are amphibious.
You can wear up to eight rings at the same time.
You can use your tentacles to constrict eight enemies at once.
Your skin changes colour to match your surroundings (Stealth+).
Your rubbery body absorbs attacks. (AC +1, EV +1)


Message History

You kill the orc wizard!
Something hits you but does no damage.
You closely miss something. Something hits you. x2
You miss something. You squeeze something. Something hits you.
Casting: Infusion (safe; 4% risk of failure)
Confirm with . or Enter, or press ? or * to list all spells.
You extend your infusion's duration.
Something hits you.
You miss something. Something hits you but does no damage.
You miss something. Your squeeze misses something. Something hits you.
You closely miss something. Something hits you.
* * * LOW HITPOINT WARNING * * *
You completely miss something. Something hits you.
* * * LOW HITPOINT WARNING * * *
You closely miss something.
You hear some strange, mumbled words.
A magic dart appears from out of thin air!
The magic dart hits you!
* * * LOW HITPOINT WARNING * * *
You closely miss something. Something hits you.
You die...

******* ,,,,,,** ,,,,,,,**
,,,,,,,,* ,,,,,>,,* #######
,,,,,,,,****#..{@)#
,,,,,,,,*#....#.#.########
,,,,,,,,*#.S..#.#........#
,,,,,,,**#(.###.###......#
,,,,,,,,....#.....#......#
,,,,,,,.#..,#######......#
,,,,,,,,##*.≈≈≈≈≈≈≈......#
,,,,,,,,,,..#######......#*
,,,,,,,,#.#.#.....#.o.....#**


You could see a ball python (wandering).

Vanquished Creatures
  An ogre (D:3)
  A scorpion (D:3)
  3 orc priests
  2 jellies (D:2)
  4 orc wizards
  An iguana (D:3)
  A worker ant (D:4)
  Robin (D:2)
  3 gnolls (D:3)
  4 adders
  9 oozes
  3 worms
  4 dart slugs
  2 leopard geckos
  13 orcs
  3 ball pythons
  7 bats
  6 giant cockroaches
  13 goblins
  10 hobgoblins
  5 frilled lizards
  11 kobolds
  7 rats
114 creatures vanquished.

Vanquished Creatures (others)
  A fungus (D:2)
  6 toadstools (D:2)
7 creatures vanquished.

Grand Total: 121 creatures vanquished

Notes
Turn   | Place    | Note
-------+----------+-------------------------------------------
     0 | D:1      | DogServant the Octopode Skald began the quest for the Orb.
     0 | D:1      | Reached XP level 1. HP: 14/14 MP: 3/3
   296 | D:1      | Reached XP level 2. HP: 18/19 MP: 5/5
   693 | D:1      | Reached XP level 3. HP: 22/24 MP: 6/6
  1198 | D:2      | Noticed Robin
  1701 | D:2      | Learned a level 2 spell: Song of Slaying
  1742 | D:2      | Killed Robin
  1742 | D:2      | Reached XP level 4. HP: 27/29 MP: 0/7
  1793 | D:2      | Found a glowing golden altar of the Shining One.
  1854 | D:2      | Learned a level 2 spell: Shroud of Golubria
  2359 | D:2      | Reached skill level 1 in Translocations
  2359 | D:2      | Reached XP level 5. HP: 26/34 MP: 5/8
  2897 | D:3      | Reached XP level 6. HP: 39/39 MP: 4/9
  4117 | D:3      | Reached skill level 5 in Dodging
  4117 | D:3      | Reached XP level 7. HP: 35/45 MP: 2/10
  4739 | D:4      | Reached skill level 5 in Long Blades
  4951 | D:4      | Learned a level 3 spell: Ozocubu's Armour
  5447 | D:4      | Slain by an orc wizard

Illustrated notes

Levels and vault maps discovered:
D:1:      minmay_arrival_hallway, layout_basic
D:2:      cheibrodos_fertilizer, layout_rooms, nicolae_overflow_hidden_temple,
          uniq_robin
D:3:      layout_basic, hangedman_abyss_or_decor_stabs
D:4:      layout_rooms, first_ration, grunt_decor_cap,
          chequers_serial_rivers_large_b, uniq_grinder

Skill      XL: |  1  2  3  4  5  6  7 |
---------------+----------------------+-----
Dodging        | 3 4 5 |  5.3
Long Blades    | 3 4 5 |  5.2
Translocations | 1 2 |  2.0
Charms         | 4 |  4.2
Fighting       | |  2.2
Spellcasting   | |  2.0
Ice Magic      | |  0.9

Action                   |  1- 3 |  4- 6 |  7- 9 || total
-------------------------+-------+-------+-------++-------
Melee: Falchion          |    60 |   120 |    77 ||   257
       Constrict         |    14 |    26 |    17 ||    57
       Tentacles         |     7 |    23 |    16 ||    46
 Cast: Infusion          |     8 |    15 |     7 ||    30
       Song of Slaying   |     1 |     6 |     3 ||    10
       Shroud of Golubri |       |     3 |       ||     3
  Use: Potion            |       |     2 |       ||     2
       Scroll            |       |     6 |     3 ||     9
 Stab: Sleeping          |     6 |     4 |     1 ||    11
       Distracted        |       |     2 |       ||     2
  Eat: Chunk             |     2 |     5 |     5 ||    12
       Ration            |     1 |       |       ||     1
Armor: Skin              |     4 |     6 |     5 ||    15
Dodge: Dodged            |    29 |    79 |    51 ||   159
       Rpst.: Falchion   |     4 |    22 |    19 ||    45
